 Dungeon Crawl Stone Soup version 0.31.0-9-g3a7656b989 (webtiles) character file.

Game seed: 17949807465735717145

81 qw the Shooter (level 4, -2/25 HPs)
             Began as a Deep Elf Hunter on Feb 2, 2024.
             Slain by an orc
             ... wielding a +0 falchion
              (5 damage)
             ... on level 2 of the Dungeon.
             The game lasted 00:00:07 (1658 turns).

qw the Shooter (Deep Elf Hunter)                    Turns: 1658, Time: 00:00:07

Health: -2/25      AC:  4    Str:  7 (10) XL:     4   Next: 19%
Magic:  6/6        EV: 12    Int: 12 (14) God:
Gold:   93         SH:  0    Dex: 15 (18) Spells: 3/3 levels left

rFire   . . .        a - +1 shortbow
rCold   . . .        (shield currently unavailable)
rNeg    . . .        c - +0 leather armour
rPois   .            (no helmet)
rElec   .            (no cloak)
rCorr   .            (no gloves)
SInv    .            b - +0 pair of boots
Will    .....        (no amulet)
Stlth   ++           (no ring)
HPRegen 0.24/turn    (no ring)
MPRegen 0.10/turn

%: no passive effects
@: no status effects
A: no striking features
a: no special abilities


You were on level 2 of the Dungeon.
You visited 1 branch of the dungeon, and saw 3 of its levels.

You collected 93 gold pieces.


   Skills:
 - Level 1.5 Fighting
 + Level 7.6 Ranged Weapons
 - Level 2.4 Dodging
 - Level 1.2 Stealth


You had 3 spell levels left.
You didn't know any spells.
Your spell library was empty.

Inventory:

Hand Weapons
 a - a +1 shortbow (weapon)
Armour
 b - a +0 pair of boots (worn)
 c - a +0 leather armour (worn)
Jewellery
 i - a ring of fire
Potions
 g - a potion of curing
 l - a potion of brilliance {unknown}

Dungeon Overview and Level Annotations

Branches:
Dungeon (3/15)

Altars:


Message History

You climb downwards.
The orc shouts! x5; You hear a shout!
There is a stone staircase leading up here.
There are monsters nearby!
Waypoint 2 assigned to D:3.
You shoot an arrow.
The arrow hits the orc but does no damage.
1643 ||| STAIRDANCE The orc hits you from afar with a +0 trident.
The orc barely misses you.
You climb upwards.
There is a stone staircase leading down here.
You shoot an arrow. The arrow hits the orc!
You kill the orc!
You start resting.
HP restored.
You climb downwards.
The orc closely misses you. The orc hits you with a +0 falchion.
There is a stone staircase leading up here.
1651 ||| STAIRDANCE The orc hits you from afar with a +0 trident!
The orc hits you with a +0 club. The orc hits you with a +0 falchion.
You climb upwards.
There is a stone staircase leading down here.
You shoot an arrow. The arrow hits the orc!
You kill the orc!
The orc hits you with a +0 falchion.
You shoot an arrow. The arrow hits the orc.
The orc is moderately wounded.
The orc barely misses you.
You shoot an arrow. The arrow barely misses the orc.
The orc barely misses you.
You shoot an arrow.
The arrow hits the orc but does no damage.
The orc is moderately wounded.
The orc hits you with a +0 falchion.
You shoot an arrow. The arrow closely misses the orc.
The orc closely misses you.
You shoot an arrow. The arrow closely misses the orc.
The orc hits you with a +0 falchion.
You die...

#.............#
#.##.##.........
######........#
#)#...#.##.####. #........#
#.#.###....####.
#........####.#.............
#........##.#.##.###########
#................#### ## ###
####.####.##.####....# #.
>.# #....# #.##o).....#.#
###.
..###.##.####.##@#.###...#
#...
..'......#....##.#...+...#
#.##
..###....#..####...)##...#
#.# ..#
####)#..####.........# #.#
..# #...#............####
### ..#
#.##......##.......#########
..#
#.........##.##..#..........
..#
####....).##.#####..........
..#
#......##................


You could see an orc.

Vanquished Creatures
  2 adders (D:2)
  A ribbon worm (D:2)
  A dart slug (D:2)
  2 orcs (D:2)
  3 endoplasms
  4 giant cockroaches
  7 goblins
  3 hobgoblins
  6 kobolds
  2 quokkas (D:1)
  4 ball pythons (D:1)
  7 bats
  3 frilled lizards
  9 rats (D:1)
54 creatures vanquished.

Notes
Turn   | Place    | Note
-------+----------+-------------------------------------------
     0 | D:1      | qw the Deep Elf Hunter began the quest for the Orb.
     0 | D:1      | Reached XP level 1. HP: 12/12 MP: 3/3
     0 | D:1      | 0 ||| qw: Version: 0.3-a-155-g5e7d8dd
     0 | D:1      | 0 ||| qw: Game counter: 1083
     0 | D:1      | 0 ||| qw: Melee chars always use a shield: true
     0 | D:1      | 0 ||| qw: God list: Okawaru
     0 | D:1      | 0 ||| qw: Allow faded altars: false
     0 | D:1      | 0 ||| qw: Do Orc after clearing Dungeon:15 true
     0 | D:1      | 0 ||| qw: Do second Lair branch before Depths: true
     0 | D:1      | 0 ||| qw: Lair rune preference: random
     0 | D:1      | 0 ||| qw: Goals: Normal
     0 | D:1      | 0 ||| PLANNING D:1-11
    79 | D:1      | Reached XP level 2. HP: 16/16 MP: 4/4
    99 | D:1      | Reached skill level 6 in Ranged Weapons
   425 | D:1      | Reached XP level 3. HP: 20/20 MP: 5/5
   785 | D:1      | 785 ||| READING scroll labelled LAMINN IT WIW.
   886 | D:1      | 886 ||| READING 2 scrolls labelled ITAZXY IVVOZ.
   887 | D:1      | 887 ||| READING scroll labelled ADET BECOAQYCE.
   887 | D:1      | 887 ||| ENCHANTING +0 shortbow.
   888 | D:1      | 888 ||| READING scroll labelled CUSKIE URYMM.
   888 | D:1      | 888 ||| IDENTIFYING viscous silvery potion
   889 | D:1      | 889 ||| DROPPING scroll of butterflies.
   890 | D:1      | 890 ||| DROPPING scroll of fear.
   891 | D:1      | 891 ||| DROPPING potion of magic.
  1010 | D:2      | Reached skill level 7 in Ranged Weapons
  1051 | D:2      | Identified the +8 short sword of Dim Light {holy, rF+
                  | Will+}
  1310 | D:2      | Reached XP level 4. HP: 25/25 MP: 6/6
  1528 | D:2      | 1528 ||| UPGRADING to +0 pair of boots.
  1533 | D:2      | 1533 ||| READING 2 scrolls of identify.
  1533 | D:2      | 1533 ||| IDENTIFYING murky ruby potion
  1534 | D:2      | 1534 ||| READING scroll of identify.
  1534 | D:2      | 1534 ||| IDENTIFYING clear potion
  1535 | D:2      | 1535 ||| READING scroll labelled NOX KIGAJAG.
  1536 | D:2      | 1536 ||| READING scroll labelled AFOTRE ECLAR.
  1537 | D:2      | 1537 ||| READING scroll labelled SER VEVOXTIETON.
  1538 | D:2      | 1538 ||| DRINKING 3 cyan potions.
  1539 | D:2      | 1539 ||| DROPPING 2 potions of degeneration.
  1540 | D:2      | 1540 ||| DROPPING potion of lignification.
  1542 | D:2      | 1542 ||| Stepping ~*~*~tactically~*~*~ (cloud).
  1643 | D:3      | 1643 ||| STAIRDANCE
  1651 | D:3      | 1651 ||| STAIRDANCE
  1653 | D:2      | HP: 5/25 [orc/+0 falchion (2)]
  1658 | D:2      | Slain by an orc

Levels and vault maps discovered:
D:1:      onia_arrival_handbag, layout_loops_ring, minmay_misc_feat_diagonals,
          minmay_3d_cube
D:2:      layout_basic, minmay_misc_feat_plants
D:3:      layout_basic, mainiacjoe_overflow_divided_tiny, grunt_ministairs_4,
          kennysheep_generic_room_12

Skill      XL: |  1  2  3 |
---------------+----------+-----
Ranged Weapons | 6 7 |  7.6
Fighting       | |  1.5
Dodging        | |  2.4
Stealth        | |  1.2

Action                     |  1- 3 |  4- 6 || total
---------------------------+-------+-------++-------
   Fire: Shortbow          |   145 |    14 ||   159
    Use: Scroll            |     4 |     5 ||     9
         Potion            |       |     1 ||     1
 Armour: Leather armour    |    29 |     9 ||    38
  Dodge: Dodged            |    40 |     7 ||    47

Table legend:
 A = Non-vault XP
 B = Vault XP
 C = Vault XP percentage of total XP
 D = Non-vault monster count
 E = Vault monster count
 F = Vault count percentage of total count
                 A         B        C        D         E       F
            +---------+---------+-------+---------+---------+-------
      Total |     101 |      15 |  12.9 |      44 |      10 |  18.5
            +---------+---------+-------+---------+---------+-------
        D:1 |      45 |       9 |  16.7 |      29 |       8 |  21.6
        D:2 |      56 |       6 |   9.7 |      15 |       2 |  11.8
            +---------+---------+-------+---------+---------+-------
